[Event "FIDE World Cup O12-B 2024"]
[Site "Batumi"]
[Date "2024.06.23"]
[Round "1.1"]
[White "Martinez Flores, Matias"]
[Black "Yusupov, Rauf"]
[Result "0-1"]
[ECO "C45"]
[WhiteElo "2080"]
[BlackElo "1800"]
[Annotator "NA RC"]
[PlyCount "68"]
[EventDate "2024.06.23"]
[EventType "swiss"]
[EventCountry "GEO"]
[SourceTitle "playchess.com"]
[Source "ChessBase"]
[SourceQuality "1"]
[TimeControl "5400+30"]

1. e4 e5 2. Nf3 Nf6 3. Nc3 Nc6 4. d4 exd4 5. Nxd4 Nxd4 6. Qxd4 b6 7. Bg5 Bc5 8. Qd2 h6 9. Be3 Bb4 10. f3 Bb7 11. a3 Bd6 12. O-O-O Qe7 13. Nb5 Be5 14. Bd4 a6 15. Bxe5 Qxe5 16. Nd4 O-O-O 17. Bc4 d5 18. exd5 Nxd5 19. Bxd5 Rxd5 20. f4 Qf6 21. Qf2 Rhd8 22. c3 Qd6 23. Rd2 c5 24. Nf5 Qf6 25. Rxd5 Rxd5 26. Ne3 Rd7 27. Ng4 Qe6 28. Ne5 Rd8 29. Re1 f6 30. Ng6 Be4 31. f5 Qa2 32. Ne7+ Kb7 33. Rxe4 Qa1+ 34. Kc2 Qd1# 0-1

[Event "FIDE World Cup O12-B 2024"]
[Site "Batumi"]
[Date "2024.06.23"]
[Round "1.2"]
[White "Akhmet, Suleyman"]
[Black "Kakavand, Ramtin"]
[Result "1/2-1/2"]
[ECO "D13"]
[WhiteElo "1793"]
[BlackElo "2059"]
[Annotator "NA RC"]
[PlyCount "52"]
[EventDate "2024.06.23"]
[EventType "swiss"]
[EventCountry "GEO"]
[SourceTitle "playchess.com"]
[Source "ChessBase"]
[SourceQuality "1"]
[TimeControl "5400+30"]

1. d4 d5 2. c4 c6 3. cxd5 cxd5 4. Bf4 Nc6 5. e3 Nf6 6. Nc3 a6 7. Be2 Bf5 8. Nf3 e6 9. Qb3 Nh5 10. Bg5 f6 11. Bh4 Nb4 12. Rc1 g5 13. Nxg5 fxg5 14. Bxh5+ Bg6 15. Bxg6+ hxg6 16. Bg3 Nd3+ 17. Kd2 Nxc1 18. Qxb7 Qc8 19. Qb6 Nd3 20. Kxd3 Rh7 21. Rc1 Rb7 22. Nxd5 Qxc1 23. Nf6+ Kf7 24. Qxb7+ Be7 25. Qxa8 Qd1+ 26. Kc3 Qc1+ 1/2-1/2

[Event "FIDE World Cup O12-B 2024"]
[Site "Batumi"]
[Date "2024.06.23"]
[Round "1.3"]
[White "Diaz Guerrero, Jesus Daniel"]
[Black "Ambartsumyan, Yuri"]
[Result "0-1"]
[ECO "C12"]
[WhiteElo "2032"]
[BlackElo "1750"]
[Annotator "NA RC"]
[PlyCount "127"]
[EventDate "2024.06.23"]
[EventType "swiss"]
[EventCountry "GEO"]
[SourceTitle "playchess.com"]
[Source "ChessBase"]
[SourceQuality "1"]
[TimeControl "5400+30"]

1. e4 e6 2. d4 d5 3. Nc3 Nf6 4. Bg5 Bb4 5. e5 h6 6. Bd2 Bxc3 7. bxc3 Ne4 8. Qg4 Kf8 9. Bd3 Nxd2 10. Kxd2 c5 11. h4 Nc6 12. Qf4 c4 13. Bg6 Qe7 14. a4 h5 15. Qf3 Kg8 16. Bxh5 g6 17. Bg4 Rxh4 18. Rxh4 Qxh4 19. g3 Qg5+ 20. Ke2 Bd7 21. Nh3 Qe7 22. Rh1 Kg7 23. Qf4 Rh8 24. Bf3 f6 25. g4 fxe5 26. dxe5 Qf8 27. Qg5 Qd8 28. Qf4 Qf8 29. Qg5 Qd8 30. Qf4 Rf8 31. Qe3 Qb6 32. Qg5 Qc7 33. Bg2 Qxe5+ 34. Qxe5+ Nxe5 35. Ng5 Rh8 36. Rb1 b6 37. a5 b5 38. f4 Nxg4 39. Bh3 Nf6 40. Kf3 Ne4 41. Nxe4 Rxh3+ 42. Kg2 Re3 43. Nc5 Bc6 44. Kf2 Rxc3 45. Nxe6+ Kf6 46. Nd4 Be8 47. Re1 Kf7 48. Rh1 Kg7 49. Re1 Kf7 50. Re6 Rxc2+ 51. Nxc2 Kxe6 52. Ke3 Kf5 53. Nd4+ Kg4 54. Nc2 Bd7 55. Nb4 d4+ 56. Kxd4 Kxf4 57. Nd5+ Kf3 58. Nf6 Be6 59. Ne4 Kf4 60. Nc5 Bg8 61. Ne4 g5 62. Nd6 g4 63. Nxb5 g3 64. Nc3 0-1

[Event "FIDE World Cup O12-B 2024"]
[Site "Batumi"]
[Date "2024.06.23"]
[Round "1.4"]
[White "Amangeldy, Ramazan"]
[Black "Tatvidze, Davit"]
[Result "0-1"]
[ECO "D02"]
[WhiteElo "1740"]
[BlackElo "2000"]
[Annotator "NA RC"]
[PlyCount "115"]
[EventDate "2024.06.23"]
[EventType "swiss"]
[EventCountry "GEO"]
[SourceTitle "playchess.com"]
[Source "ChessBase"]
[SourceQuality "1"]
[TimeControl "5400+30"]

1. d4 Nf6 2. Bf4 d5 3. e3 e6 4. Nd2 c5 5. c3 Nc6 6. Ngf3 Be7 7. h3 O-O 8. Bd3 Qb6 9. Rb1 c4 10. Bc2 Qa5 11. a3 b5 12. e4 dxe4 13. Nxe4 Nxe4 14. Bxe4 Bb7 15. h4 f5 16. Bc2 Bf6 17. O-O Ne7 18. Re1 Bd5 19. h5 Qb6 20. Ne5 Qb7 21. f3 Nc6 22. Qe2 a5 23. b3 Nxe5 24. dxe5 Be7 25. Kh1 Qc6 26. b4 axb4 27. axb4 Qe8 28. h6 Qh5+ 29. Kg1 g5 30. Bg3 Qxh6 31. Ra1 Qg6 32. Qf2 Qe8 33. Qd4 Qc6 34. Bf2 h5 35. Red1 g4 36. Rxa8 Qxa8 37. Qf4 gxf3 38. Qh6 Rf7 39. Bxf5 Rxf5 40. Qg6+ Kf8 41. Be3 Rf7 42. Bh6+ Ke8 43. Qg8+ Bf8 44. Bxf8 Rxf8 45. Qg6+ Ke7 46. Qg5+ Kd7 47. Qg7+ Kc6 48. Qe7 Qd8 49. Qc5+ Kb7 50. Kh2 Qh4+ 51. Kg1 f2+ 52. Kf1 Qh1+ 53. Ke2 f1=Q+ 54. Rxf1 Qxf1+ 55. Kd2 Qd3+ 56. Kc1 Rf1+ 57. Kb2 Qb1+ 58. Ka3 0-1

[Event "FIDE World Cup O12-B 2024"]
[Site "Batumi"]
[Date "2024.06.23"]
[Round "1.5"]
[White "Pirtac, Alexandru"]
[Black "Batbaatar, Baatar"]
[Result "0-1"]
[ECO "B87"]
[WhiteElo "1977"]
[BlackElo "1724"]
[Annotator "NA RC"]
[PlyCount "118"]
[EventDate "2024.06.23"]
[EventType "swiss"]
[EventCountry "GEO"]
[SourceTitle "playchess.com"]
[Source "ChessBase"]
[SourceQuality "1"]
[TimeControl "5400+30"]

1. e4 c5 2. Nf3 d6 3. d4 cxd4 4. Nxd4 Nf6 5. Nc3 a6 6. Bc4 e6 7. Bb3 b5 8. O-O Nbd7 9. a4 b4 10. Na2 Nc5 11. Nxb4 Qb6 12. c3 a5 13. Nd3 Nxb3 14. Nxb3 Nxe4 15. Be3 Qb7 16. Nd4 Be7 17. Nb5 O-O 18. Nf4 d5 19. Bd4 Bd7 20. Re1 f6 21. f3 Nc5 22. Kh1 Ra6 23. Qe2 Rc8 24. Bxc5 Rxc5 25. Rad1 Bf8 26. b3 Rb6 27. Qf2 Ra6 28. Qg3 e5 29. Nd3 Rc8 30. h4 Bxb5 31. axb5 Qxb5 32. h5 Rxc3 33. Nxe5 fxe5 34. Qxe5 Rc5 35. Qg5 d4 36. Qd8 Rxh5+ 37. Kg1 Qb6 38. Qe8 d3+ 39. Re3 Rh6 40. Rdxd3 Re6 41. Qxe6+ Qxe6 42. Rxe6 Rxe6 43. Kh2 Bd6+ 44. g3 Re2+ 45. Kh3 Bb4 46. Kg4 Re5 47. f4 Rc5 48. f5 Rc3 49. Rd7 Rxb3 50. Kf4 Bf8 51. g4 Rb4+ 52. Kg5 a4 53. Ra7 Re4 54. Kh5 Be7 55. Ra8+ Kf7 56. Ra7 g6+ 57. fxg6+ hxg6+ 58. Kh6 Rxg4 59. Ra5 Rh4+ 0-1

[Event "FIDE World Cup O12-B 2024"]
[Site "Batumi"]
[Date "2024.06.23"]
[Round "1.6"]
[White "Golikov, Ivan"]
[Black "Gabadadze, Gabriel"]
[Result "0-1"]
[ECO "A36"]
[WhiteElo "1723"]
[BlackElo "1975"]
[Annotator "NA RC"]
[PlyCount "130"]
[EventDate "2024.06.23"]
[EventType "swiss"]
[EventCountry "GEO"]
[SourceTitle "playchess.com"]
[Source "ChessBase"]
[SourceQuality "1"]
[TimeControl "5400+30"]

1. c4 c5 2. Nc3 Nc6 3. g3 g6 4. Bg2 Bg7 5. a3 e6 6. Rb1 Nge7 7. b4 cxb4 8. axb4 d6 9. e3 a5 10. Na2 axb4 11. Nxb4 Nxb4 12. Rxb4 Qd7 13. Ne2 Nc6 14. Rb1 O-O 15. O-O Qc7 16. Bb2 Bd7 17. Bxg7 Kxg7 18. Qb3 Rfb8 19. Rfc1 Ra7 20. Nc3 Na5 21. Qb4 Ra6 22. Nb5 Qb6 23. h4 e5 24. d4 exd4 25. exd4 Rc8 26. Bd5 Bf5 27. Ra1 Rd8 28. Bg2 Nc6 29. Qc3 Rxa1 30. Rxa1 Kg8 31. Qe3 Kg7 32. Qf4 Na5 33. Bd5 Be6 34. Qe4 Bxd5 35. Qxd5 Nc6 36. Re1 Nb4 37. Qg5 h6 38. Qe7 Nc6 39. Qe2 Qa5 40. Rc1 Qb4 41. Qe3 Qb2 42. Qf4 d5 43. Re1 dxc4 44. Nd6 Rxd6 45. Qxd6 Qxd4 46. Qxd4+ Nxd4 47. Rd1 Nc6 48. Rb1 c3 49. Rb3 Nd4 50. Rxb7 c2 51. Rc7 Ne2+ 52. Kg2 c1=Q 53. Rxc1 Nxc1 54. Kf3 Nd3 55. Ke3 Ne5 56. Kf4 Kf6 57. f3 g5+ 58. hxg5+ hxg5+ 59. Ke4 Ke6 60. f4 f5+ 61. Ke3 gxf4+ 62. Kxf4 Kf6 63. Ke3 Kg5 64. Kf2 Kg4 65. Kg2 Nd3 0-1

[Event "FIDE World Cup O12-B 2024"]
[Site "Batumi"]
[Date "2024.06.23"]
[Round "1.7"]
[White "Minkhajdarov, Ruslan"]
[Black "Amreyev, Azat"]
[Result "0-1"]
[ECO "C18"]
[WhiteElo "1921"]
[BlackElo "1704"]
[Annotator "NA RC"]
[PlyCount "66"]
[EventDate "2024.06.23"]
[EventType "swiss"]
[EventCountry "GEO"]
[SourceTitle "playchess.com"]
[Source "ChessBase"]
[SourceQuality "1"]
[TimeControl "5400+30"]

1. e4 e6 2. d4 d5 3. Nc3 Bb4 4. e5 c5 5. a3 Bxc3+ 6. bxc3 Ne7 7. Qg4 Qc7 8. Bd3 cxd4 9. Ne2 dxc3 10. Qxg7 Rg8 11. Qxh7 Nbc6 12. f4 Bd7 13. g3 O-O-O 14. Qh5 Rh8 15. Qf3 d4 16. Rb1 Nd5 17. Qf2 Kb8 18. O-O Rh3 19. Qf3 Rdh8 20. Rf2 f5 21. Bxf5 exf5 22. Qxd5 Rd8 23. a4 Bc8 24. Qc4 Ka8 25. Ba3 Qh7 26. Bd6 a6 27. Qd5 Rh8 28. Qg2 Qf7 29. Qf3 Be6 30. Rd1 Bd5 31. Qd3 Be4 32. Qxe4 fxe4 33. Nxd4 Qd5 0-1

[Event "FIDE World Cup O12-B 2024"]
[Site "Batumi"]
[Date "2024.06.23"]
[Round "1.8"]
[White "Atar, Semih Akif"]
[Black "Zhang, Haoxuan(Zj)"]
[Result "0-1"]
[ECO "A36"]
[WhiteElo "1660"]
[BlackElo "1907"]
[Annotator "NA RC"]
[PlyCount "62"]
[EventDate "2024.06.23"]
[EventType "swiss"]
[EventCountry "GEO"]
[SourceTitle "playchess.com"]
[Source "ChessBase"]
[SourceQuality "1"]
[TimeControl "5400+30"]

1. c4 c5 2. g3 Nc6 3. Bg2 g6 4. Nf3 Bg7 5. O-O e6 6. e3 Nge7 7. Nc3 O-O 8. a3 d5 9. cxd5 exd5 10. d4 cxd4 11. Nxd4 Nxd4 12. exd4 Be6 13. Be3 Nf5 14. Qd3 a6 15. Ne2 Nxe3 16. Qxe3 Qb6 17. Qd2 Rac8 18. Rac1 Rfd8 19. b4 Rc4 20. Rfd1 Bg4 21. f3 Bd7 22. Rxc4 dxc4 23. Qc3 Qc7 24. Nf4 b5 25. Nd3 Qd6 26. Nf4 Bf5 27. Ne2 Bd3 28. Rxd3 cxd3 29. Qxd3 Bxd4+ 30. Qxd4 Qxd4+ 31. Nxd4 Rxd4 0-1

[Event "FIDE World Cup O12-B 2024"]
[Site "Batumi"]
[Date "2024.06.23"]
[Round "1.9"]
[White "Garakhanov, Shamsi"]
[Black "Suleymanov, Askhab"]
[Result "1-0"]
[ECO "E90"]
[WhiteElo "1884"]
[BlackElo "1630"]
[Annotator "NA RC"]
[PlyCount "53"]
[EventDate "2024.06.23"]
[EventType "swiss"]
[EventCountry "GEO"]
[SourceTitle "playchess.com"]
[Source "ChessBase"]
[SourceQuality "1"]
[TimeControl "5400+30"]

1. d4 Nf6 2. c4 g6 3. Nc3 Bg7 4. e4 d6 5. Nf3 O-O 6. h3 e5 7. d5 a5 8. Be3 Na6 9. g4 Nd7 10. Rg1 Nac5 11. Be2 Kh8 12. g5 f5 13. gxf6 Qxf6 14. h4 Re8 15. h5 b6 16. hxg6 h6 17. Qd2 Nf8 18. Bxh6 Nxg6 19. Rh1 Kg8 20. Bg5 Qf7 21. O-O-O Bg4 22. Nh4 Bxe2 23. Qxe2 Nf4 24. Bxf4 Qxf4+ 25. Kb1 Kf7 26. Qh5+ Kg8 27. Nf5 1-0

[Event "FIDE World Cup O12-B 2024"]
[Site "Batumi"]
[Date "2024.06.23"]
[Round "1.10"]
[White "Chia, Yu Zhe Ashton"]
[Black "Qu, Haoming"]
[Result "0-1"]
[ECO "B01"]
[WhiteElo "2229"]
[BlackElo "1877"]
[Annotator "RC"]
[PlyCount "114"]
[EventDate "2024.06.23"]
[EventType "swiss"]
[EventCountry "GEO"]
[SourceTitle "playchess.com"]
[Source "ChessBase"]
[SourceQuality "1"]
[TimeControl "5400+30"]

1. e4 d5 2. exd5 Qxd5 3. Nc3 Qd6 4. Nf3 Nf6 5. d4 c6 6. Bd3 Bg4 7. Be3 Nbd7 8. h3 Bh5 9. O-O e6 10. Be2 Be7 11. Qd2 Qc7 12. Bf4 Bd6 13. Bxd6 Qxd6 14. Qe3 Bxf3 15. Bxf3 O-O 16. Rad1 Nd5 17. Qd2 N7f6 18. Ne2 Rad8 19. c4 Ne7 20. Qa5 a6 21. Nc3 Nf5 22. d5 cxd5 23. cxd5 e5 24. Be4 Ne7 25. Rfe1 Nc8 26. Bc2 Nb6 27. Bb3 Rc8 28. Ne4 Nxe4 29. Rxe4 Nd7 30. Qb4 Nc5 31. Rc4 b6 32. Rdc1 Qf6 33. Qd2 Rcd8 34. Bd1 a5 35. a3 Rd6 36. b4 axb4 37. axb4 Ne6 38. Rc8 Nd4 39. Rxf8+ Kxf8 40. Qa2 Rd8 41. Rc7 Qd6 42. Rb7 b5 43. Qa7 Qxd5 44. Bg4 g6 45. Bd7 Kg7 46. Rc7 Ne2+ 47. Kh2 Qd1 48. f3 Qd2 49. Qc5 Qf4+ 50. Kh1 Ra8 51. Ra7 Ng3+ 52. Kg1 Rxa7 53. Qxa7 Qc1+ 54. Kh2 Nf1+ 55. Kh1 Ne3+ 56. Kh2 Qd2 57. Be6 Qxg2# 0-1

[Event "FIDE World Cup O12-B 2024"]
[Site "Batumi"]
[Date "2024.06.23"]
[Round "1.11"]
[White "Aadik Theophane Lenin"]
[Black "Cronje, Johannes Christiaan"]
[Result "1-0"]
[ECO "A43"]
[WhiteElo "1852"]
[BlackElo "1504"]
[Annotator "NA RC"]
[PlyCount "27"]
[EventDate "2024.06.23"]
[EventType "swiss"]
[EventCountry "GEO"]
[SourceTitle "playchess.com"]
[Source "ChessBase"]
[SourceQuality "1"]
[TimeControl "5400+30"]

1. d4 Nf6 2. Nf3 c5 3. d5 e6 4. Nc3 Nxd5 5. Nxd5 exd5 6. Qxd5 Be7 7. e4 O-O 8. Bc4 Kh8 9. Qh5 f5 10. Ne5 h6 11. Bxh6 d5 12. Ng6+ Kg8 13. Bxd5+ Kh7 14. Bc1# 1-0

[Event "FIDE World Cup O12-B 2024"]
[Site "Batumi"]
[Date "2024.06.23"]
[Round "1.12"]
[White "Khubuluri, Zaal"]
[Black "Ibrahimli, Suat"]
[Result "1/2-1/2"]
[ECO "B28"]
[WhiteElo "1501"]
[BlackElo "1852"]
[Annotator "NA RC"]
[PlyCount "60"]
[EventDate "2024.06.23"]
[EventType "swiss"]
[EventCountry "GEO"]
[SourceTitle "playchess.com"]
[Source "ChessBase"]
[SourceQuality "1"]
[TimeControl "5400+30"]

1. e4 c5 2. Nf3 a6 3. c4 Nc6 4. Nc3 e5 5. d3 Rb8 6. a4 g6 7. Be2 Bg7 8. Be3 d6 9. Qd2 Nge7 10. Bh6 O-O 11. O-O Bg4 12. h3 Bxf3 13. Bxf3 Nd4 14. Bd1 Bxh6 15. Qxh6 Kh8 16. Qh4 f6 17. Re1 Kg7 18. Rc1 Qb6 19. Rb1 Qb4 20. Be2 Qa5 21. f4 exf4 22. Qxf4 Rbd8 23. Qg3 Rf7 24. Bg4 Nec6 25. Rf1 Ne5 26. Rf2 Rdf8 27. Rbf1 Qb4 28. h4 Nxg4 29. Qxg4 f5 30. Qg3 f4 1/2-1/2